 Dungeon Crawl Stone Soup version 0.19-a0-1107-gc676ff4 (webtiles) character file.

179 AlphabetPasta the Conjurer (level 5, -2/35 HPs)
             Began as a Mummy Conjurer on Aug 9, 2016.
             Killed from afar by Edmund (10 damage)
             ... with a wand of flame
             ... on level 3 of the Dungeon.
             The game lasted 00:17:22 (3706 turns).

AlphabetPasta the Conjurer (Mummy Conjurer)         Turns: 3706, Time: 00:17:23

Health: -2/35      AC:  5    Str: 11    XL:     5   Next: 32%
Magic:  1/9        EV: 12    Int: 15    God:
Gold:   77         SH:  0    Dex: 13    Spells: 3 memorised, 4 levels left

rFire  x . .     SeeInvis .     i - +0 quarterstaff
rCold  + . .     Gourm    .     a - +1 robe
rNeg   + + +     Faith    .     (shield currently unavailable)
rPois  ∞         Spirit   .     h - +0 helmet
rElec  .         Dismiss  .     j - +0 cloak
rCorr  .         Reflect  .     (no gloves)
SustAt .         Harm     .     (no boots)
MR     .....                    (no amulet)
Stlth  +.........               (no ring)
                                l - ring of loudness (curse)

@:
A: no food or potions, fire vulnerability, cold resistance 1, negative energy
resistance 3, torment resistance, unbreathing
a: no special abilities


You were on level 3 of the Dungeon.
You were not hungry.

You visited 1 branch of the dungeon, and saw 4 of its levels.

You collected 77 gold pieces.

Inventory:

Hand Weapons
 i - a +0 quarterstaff (weapon)
Armour
 a - a +1 robe (worn)
 h - a +0 helmet (worn)
 j - a +0 cloak (worn)
Jewellery
 l - a cursed ring of loudness (left hand)
Wands
 k - a wand of iceblast (9/15)
Scrolls
 c - a scroll of enchant armour
 d - 2 scrolls of identify
 e - a scroll of immolation
Books
 b - a book of Conjurations

   Spells                             Type                      Level
   a - Magic Dart                     Conjuration                  1
   b - Searing Ray                    Conjuration                  2
   c - Dazzling Spray                 Conjuration/Hexes            3
   d - Fulminant Prism                Conjuration/Hexes            4
   e - Iskenderun's Mystic Blast      Conjuration                  4
   f - Iskenderun's Battlesphere      Conjuration/Charms           5


   Skills:
 - Level 1.5 Dodging
 - Level 1.5 Stealth
 + Level 3.1 Spellcasting
 * Level 5.0 Conjurations


You had 4 spell levels left.
You knew the following spells:

 Your Spells              Type           Power        Failure   Level  Hunger
a - Magic Dart            Conj           ###.         2%          1    N/A
b - Searing Ray           Conj           ###...       4%          2    N/A
c - Dazzling Spray        Conj/Hex       #.....       24%         3    N/A

Dungeon Overview and Level Annotations

Branches:
Dungeon (4/15)
 Temple: D:4-7

Altars:
Cheibriados
Elyvilon
Fedhas
Ru
Zin

Annotations:
D:3 Edmund
D:4 bushterla's ghost, amateur DsCK


Innate Abilities, Weirdness & Mutations

You do not eat or drink.
Your flesh is vulnerable to fire.
You are immune to poison.
Your flesh is cold resistant. (rC+)
You are immune to negative energy. (rN+++)
You are immune to unholy pain and torment.
You can survive without breathing.


Message History

As you read the scroll labeled QUEDWO QOIPOE, it crumbles to dust.
It is a scroll of enchant armour.
Your +0 robe glows green for a moment.
Edmund misses you.
Evoke which item? (* to show all) (? for menu, Esc to quit)
Okay, then.
As you read the scroll labeled HIOTRE OSKI, it crumbles to dust.
It is a scroll of identify.
e - a scroll of immolation Edmund barely misses you.
As you read the scroll labeled MIORANLUIR, it crumbles to dust.
It is a scroll of amnesia.
Forget which spell ([?*] list [ESC] exit)?
Your memory of Iskenderun's Mystic Blast unravels.
Edmund hits you with a dire flail of draining!
* * * LOW HITPOINT WARNING * * *
As you read the scroll labeled WUCLOY RYNUONG, it crumbles to dust.
You feel momentarily disoriented.
It was a scroll of magic mapping.
Edmund hits you but does no damage.
Edmund zaps a wand.
The puff of flame hits you! The fire burns you terribly!
You die...

#.####### #.......#
#.#####.# #.# #.#
#########.#####.#
#.............#.#
#.#######.###.#.#
#.#.......###.#.##
#@#.#####...#.#.#.
#.#.# #.#.#.#.#.
#.#.# #.#.#.#.#.
#@#.# #.#.#.#.#.
#.#.#####.#.#.#.#.
#>........(...(...
#.#.....#.#(#.#.#.
#.#######.#<#.#.#.
##.......#.###.#.##


You could see Edmund.

Vanquished Creatures
  An orc priest (D:3)
  5 adders
  3 gnolls (D:3)
  3 worms (D:2)
  2 dart slugs (D:1)
  2 giant geckos
  8 orcs
  4 bats
  A giant cockroach (D:1)
  7 goblins
  5 hobgoblins
  2 jackals (D:1)
  5 kobolds
  2 quokkas
  3 giant newts
  4 rats
57 creatures vanquished.

Vanquished Creatures (others)
  A rat (D:2)
1 creature vanquished.

Grand Total: 58 creatures vanquished

Notes
Turn   | Place    | Note
-------+----------+-------------------------------------------
     0 | D:1      | AlphabetPasta the Mummy Conjurer began the quest for the Orb.
     0 | D:1      | Reached XP level 1. HP: 13/13 MP: 3/3
   360 | D:1      | Reached XP level 2. HP: 19/19 MP: 0/5
   364 | D:1      | Learned a level 2 spell: Searing Ray
  1005 | D:2      | Reached XP level 3. HP: 21/24 MP: 1/6
  1037 | D:2      | Learned a level 3 spell: Dazzling Spray
  1116 | D:2      | Found a glowing silver altar of Zin.
  1116 | D:2      | Found a blossoming altar of Fedhas.
  1117 | D:2      | Found a sacrificial altar of Ru.
  1216 | D:2      | Reached skill level 4 in Conjurations
  1623 | D:2      | Found a white marble altar of Elyvilon.
  1768 | D:2      | Found a snail-covered altar of Cheibriados.
  1991 | D:2      | Reached XP level 4. HP: 20/30 MP: 0/7
  2945 | D:3      | Reached XP level 5. HP: 35/35 MP: 3/9
  3174 | D:3      | Learned a level 4 spell: Iskenderun's Mystic Blast
  3428 | D:3      | Noticed an ogre
  3527 | D:2      | Reached skill level 5 in Conjurations
  3688 | D:4      | Noticed Edmund
  3688 | D:4      | Noticed bushterla's ghost (amateur DsCK)
  3706 | D:3      | Killed from afar by Edmund

Vault maps used:
D:1:      dpeg_arrival_long_road, minmay_misc_feat_rows
D:2:      elyvilon_altar_4, overflow_temple_1_default,
          gammafunk_temple_overflow_claw
D:3:      first_bread
D:4:      uniq_edmund, uniq_duvessa, uniq_crazy_yiuf_cottage

Skill      XL: |  1  2  3  4  5 |
---------------+----------------+-----
Conjurations   | 4 5 |  5.0
Spellcasting   | 3 |  3.1
Dodging        | |  1.5
Stealth        | |  1.5

Action                   |  1- 3 |  4- 6 || total
-------------------------+-------+-------++-------
Melee: Unarmed           |     9 |     1 ||    10
       Quarterstaff      |       |     5 ||     5
 Cast: Magic Dart        |    46 |    53 ||    99
       Searing Ray       |     8 |     9 ||    17
  Use: Scroll            |       |     4 ||     4
Armor: Robe              |     2 |    14 ||    16
Dodge: Dodged            |    17 |    37 ||    54
